 Dungeon Crawl Stone Soup version 0.30.1-11-g7821555f0a (webtiles) character file.

Game seed: 1739698431357984130

109 Ivernyr the Shield-Bearer (level 5, 0/42 HPs)
             Began as a Formicid Fighter on Dec 4, 2023.
             Frozen to death by an endoplasm (5 damage)
             ... on level 2 of the Dungeon.
             The game lasted 00:05:53 (1434 turns).

Ivernyr the Shield-Bearer (Formicid Fighter)        Turns: 1434, Time: 00:05:54

Health: 0/42       AC:  7    Str: 23    XL:     5   Next: 13%
Magic:  5/5        EV:  9    Int:  7    God:
Gold:   113        SH:  5    Dex: 13    Spells: 4/4 levels left

rFire   . . .        a - +0 quarterstaff
rCold   . . .        c - +0 buckler
rNeg    . . .        b - +0 scale mail
rPois   .            (helmet unavailable)
rElec   .            (no cloak)
rCorr   .            (no gloves)
SInv    +            (no boots)
Will    .....        (no amulet) Stlth
                     (no ring)
HPRegen 0.27/turn    (no ring)
MPRegen 0.09/turn

%: no passive effects
@: no status effects
A: permanent stasis, dig shafts and tunnels, antennae 3, four strong arms
a: Dig, Shaft Self


You were on level 2 of the Dungeon.
You visited 1 branch of the dungeon, and saw 2 of its levels.

You collected 113 gold pieces.

Inventory:

Hand Weapons
 a - a +0 quarterstaff (weapon)
Armour
 b - a +0 scale mail (worn)
 c - a +0 buckler (worn)
Scrolls
 e - 2 scrolls of identify {unknown}
 h - a scroll of teleportation {unknown}
 j - a scroll of fear {unknown}
 k - a scroll of fog {unknown}
 n - a scroll of torment {unknown}
Potions
 d - a potion of might
 f - 2 potions of lignification {unknown}
 g - a potion of degeneration {unknown}
 i - a potion of ambrosia {unknown}
 l - a potion of curing {unknown}
 m - a potion of attraction {unknown}


   Skills:
 + Level 3.9 Fighting
 * Level 3.4 Staves
 + Level 4.0 Armour
 + Level 4.8 Shields


You had 4 spell levels left.
You didn't know any spells.
Your spell library contained the following spells:

 Spells                   Type           Power      Damage    Failure   Level
 Portal Projectile        Hex/Tloc       0%         N/A       99%         3
 Tukima's Dance           Hex            0%         N/A       99%         3
 Blade Hands              Tmut           0%         N/A       100%        5
 Conjure Ball Lightning   Conj/Air       0%         3x3d6     100%        6
 Discord                  Hex            0%         N/A       100%        8
 Disjunction              Tloc           0%         N/A       100%        8


Dungeon Overview and Level Annotations

Branches:
Dungeon (2/15)

Altars:


Innate Abilities, Weirdness & Mutations

You cannot be hasted, slowed, berserked, paralysed or teleported.
You can dig through walls and to a lower floor.
You have a pair of large antennae on your head. (SInv)
Your four strong arms can wield two-handed weapons with a shield.


Message History

* * * LOW HITPOINT WARNING * * *
You barely miss the hobgoblin.
The hobgoblin is almost dead.
The hobgoblin no longer looks unusually strong.
The hobgoblin closely misses you.
You thump the hobgoblin!
You kill the hobgoblin!
The goblin barely misses you.
You hit the goblin but do no damage.
The goblin no longer looks unusually strong.
The goblin closely misses you.
You hit the goblin.
You kill the goblin!
The goblin shouts!
An endoplasm comes into view.
Items here: ! ))))))) [[ ††††††.
You sock the goblin!
You kill the goblin!
You thump the goblin!
You kill the goblin!
Items here: ! ))))))))) [[ ††††††††.
The endoplasm quivers.
The endoplasm freezes you.
You are frozen.
* * * LOW HITPOINT WARNING * * *
There is an open door here.
Things that are here:
a +0 dagger; a goblin corpse You barely miss the endoplasm.
The endoplasm freezes you.
You are frozen.
* * * LOW HITPOINT WARNING * * *
You hit the endoplasm.
The endoplasm is severely wounded.
The endoplasm freezes you.
You are frozen.
* * * LOW HITPOINT WARNING * * *
The endoplasm freezes you.
You are frozen.
You die...

##.....###.#..####...
#.....##.....#.#..#.
#........8.8.....###
#.....##.....#.#..#.
#...#.###.#..####...
#####)#.#..#..# #...
#### #.##.#..#####.#.
####...##)#.#.#..##.#.#.
...'..J@..###....##...#.
####...######...####..#.
#... #...#.#.#.... #...
##....###.##.. #...
#....#.#.#.#.. #...
#...####.##.## ....
#..#.# #†###.# ##...
#.#### #.# ##. ##.# #.#
##


You could see an endoplasm.

Vanquished Creatures
  Robin (D:2)
  2 adders (D:2)
  A gnoll (D:1)
  A dart slug (D:1)
  4 ball pythons (D:1)
  5 bats
  5 endoplasms (D:1)
  2 giant cockroaches (D:1)
  18 goblins
  4 hobgoblins
  4 jackals (D:1)
  2 kobolds
  6 frilled lizards
  8 rats
63 creatures vanquished.

Notes
Turn   | Place    | Note
-------+----------+-------------------------------------------
     0 | D:1      | Ivernyr the Formicid Fighter began the quest for the Orb.
     0 | D:1      | Reached XP level 1. HP: 18/18 MP: 1/1
   125 | D:1      | Reached XP level 2. HP: 24/24 MP: 2/2
   374 | D:1      | Reached XP level 3. HP: 24/29 MP: 3/3
   579 | D:1      | Reached XP level 4. HP: 34/37 MP: 4/4
  1384 | D:2      | Noticed Robin
  1410 | D:2      | Killed Robin
  1411 | D:2      | Reached XP level 5. HP: 24/42 MP: 5/5
  1434 | D:2      | Frozen to death by an endoplasm

Illustrated notes

Levels and vault maps discovered:
D:1:      dpeg_arrival_windows_large_door, layout_rooms
D:2:      wad_crossroads, layout_basic, amcnicky_mini_rare_corridor_liquid,
          uniq_robin

Skill      XL: |  1  2  3  4 |
---------------+-------------+-----
Staves         | 3 |  3.4
Armour         | 4 |  4.0
Fighting       | |  3.9
Shields        | |  4.8

Action                     |  1- 3 |  4- 6 || total
---------------------------+-------+-------++-------
  Melee: Quarterstaff      |    85 |    73 ||   158
Ability: Dig               |     2 |       ||     2
 Armour: Scale mail        |    37 |    41 ||    78
  Dodge: Dodged            |    39 |    29 ||    68
  Block: Buckler           |    14 |    15 ||    29
